 Dungeon Crawl Stone Soup version 0.26-a0-667-g92642533e4 (webtiles) character file.

Game seed: 1632517777601761652

935 Ijustatesigmund the Ducker (level 7, -3/36 HPs)
             Began as a Spriggan Wanderer on Oct 16, 2020.
             Was an Initiate of Okawaru.
             Killed by nerve-wracking pain
             ... invoked by an orc priest
              (12 damage)
             ... on level 6 of the Dungeon.
             The game lasted 00:14:50 (6808 turns).

Ijustatesigmund the Ducker (Spriggan Wanderer)      Turns: 6808, Time: 00:14:51

Health: -3/36      AC:  6    Str:  8    XL:     7   Next: 87%
Magic:  9/9        EV: 22    Int: 12    God:    Okawaru [......]
Gold:   301        SH:  0    Dex: 19    Spells: 6/6 levels left

rFire    . . .     SeeInvis +   s - +3 short sword
rCold    . . .     Faith    .   (shield restricted)
rNeg     . . .     Spirit   .   b - +2 robe
rPois    .         Reflect  .   (helmet restricted)
rElec    .         Harm     .   j - +1 cloak
rCorr    .         Rampage  .   (gloves unavailable)
MR       +....     Rnd*Tele +   (boots unavailable)
Stlth    +++.......             o - amulet of inaccuracy (curse)
HPRegen  0.12/turn              r - ring of teleportation (curse)
MPRegen  0.11/turn              y - -4 ring of slaying (curse)

@: about to teleport, very quick
A: very small, unfitting armour, see invisible, speed 3
a: Renounce Religion


You were on level 6 of the Dungeon.
You worshipped Okawaru.
Okawaru was noncommittal.
You visited 2 branches of the dungeon, and saw 8 of its levels.

You collected 301 gold pieces.

Inventory:

Hand Weapons
 a - a +0 hand crossbow
 e - a +3 dagger of venom
 q - a +0 rapier of venom
 s - a +3 short sword (weapon)
Missiles
 c - 26 bolts
 B - 5 poisoned darts (quivered)
Armour
 b - a +2 robe (worn)
 j - a +1 cloak (worn)
Jewellery
 o - a cursed amulet of inaccuracy (around neck)
 r - a cursed ring of teleportation (left hand)
 u - an uncursed ring of protection from magic
 y - a cursed -4 ring of slaying (right hand)
Wands
 g - a wand of iceblast (7)
 l - a wand of random effects (18)
 x - a wand of polymorph (6)
 z - a wand of flame (15)
Scrolls
 p - 3 scrolls of teleportation
 w - a scroll of enchant weapon
 A - a scroll of fog
Potions
 d - 6 potions of curing
 f - a potion of cancellation
 h - 2 potions of brilliance
 i - a potion of magic
 k - a potion of ambrosia
 m - 2 potions of resistance
 n - 2 potions of lignification
 t - 2 potions of might
 v - a potion of mutation {unknown}
 C - a potion of experience {unknown}
 D - a potion of invisibility {unknown}
 E - a potion of haste
 G - a potion of flight {unknown}


   Skills:
 + Level 3.6 Fighting
 + Level 5.9 Short Blades
 - Level 2.0 Crossbows
 - Level 6.3 Dodging
 - Level 5.3 Stealth
   Level 1.5 Summonings
   Level 1.0 Earth Magic
 * Level 2.4 Invocations


You had 6 spell levels left.
You didn't know any spells.
Your spell library contained the following spells:

 Spells                   Type           Power        Failure   Level
 Call Imp                 Summ           #.......     26%         2
 Magic Dart               Conj           #...         32%         1
 Blink                    Tloc           N/A          45%         2
 Slow                     Hex            #.......     45%         2
 Confusing Touch          Hex            #.......     69%         3
 Conjure Flame            Conj/Fire      #.......     69%         3
 Gell's Gravitas          Tloc           #.........   69%         3
 Mephitic Cloud           Conj/Pois/Air  #.......     69%         3
 Petrify                  Tmut/Erth      #.......     95%         4
 Metabolic Englaciation   Hex/Ice        #.........   100%        5
 Yara's Violent Unravell  Hex/Tmut       #.........   100%        5


Dungeon Overview and Level Annotations

Branches:
Dungeon (7/15)             Temple (1/1) D:5

Altars:
Ashenzari
Cheibriados
Dithmenos
Elyvilon
Fedhas
Gozag
Hepliaklqana
Kikubaaqudgha
Makhleb
Nemelex Xobeh
Okawaru
Qazlal
Ru
Sif Muna
Trog
Uskayaw
Vehumet
Wu Jian
Xom
Yredelemnul
Zin
The Shining One


Innate Abilities, Weirdness & Mutations

You are very small and have problems with some larger weapons.
You are too small for most types of armour.
You have supernaturally acute eyesight. (SInv)
You cover ground extremely quickly.


Message History

The orc wizard mumbles some strange words.
The orc wizard flickers and vanishes for a moment.
You barely miss the orc priest.
The orc wizard hits you with a cursed -2 dagger.
The orc priest hits you.
You hit the orc priest.
The orc priest is lightly wounded.
The orc wizard gestures at you while chanting.
The magic dart hits you!
* * * LOW HITPOINT WARNING * * *
The orc wizard misses you.
The orc priest hits you but does no damage.
As you read the scroll of teleportation, it crumbles to dust.
You feel strangely unstable.
The orc wizard hits you but does no damage.
The orc wizard misses you. The orc priest barely misses you.
The orc wizard misses you.
The orc priest invokes the aid of Beogh against you.
Pain shoots through your body!
You die...

.....# ##.###
##.....####+#...
#######.............Z#
#....................#
#......oo.Z..........#
#......o..............
#....................#
#....................#
#......@....... #>#
......!........ #.#
###.....####### #.#
#.....# #.# #.....#
#.# #.....# #.#
#.....# #.# #.....#
#.# #.#


You could see an orc priest, 2 orc wizards and a centaur warrior skeleton.

Vanquished Creatures
  Prince Ribbit (D:5)
  A phantom (D:5)
  A howler monkey (D:6)
  3 orc priests
  3 hounds
  An orc wizard (D:5)
  Ijyb (D:5)
  Natasha (thrice) (D:1)
  A worker ant (D:4)
  A howler monkey zombie (D:5)
  4 gnolls (D:5)
  9 adders
  An ufetubus (D:5)
  3 oozes
  4 worms
  A dart slug (D:3)
  3 leopard geckos
  19 orcs
  5 ball pythons
  6 giant cockroaches
  17 goblins
  7 hobgoblins
  4 jackals (D:3)
  13 kobolds
  6 quokkas
  6 bats
  3 frilled lizards (D:1)
  A quokka skeleton (D:4)
  A quokka zombie (D:5)
  2 rats (D:3)
131 creatures vanquished.

Vanquished Creatures (others)
  2 plants (D:2)
2 creatures vanquished.

Grand Total: 133 creatures vanquished

Notes
Turn   | Place    | Note
-------+----------+-------------------------------------------
     0 | D:1      | Ijustatesigmund the Spriggan Wanderer began the quest for
                  | the Orb.
     0 | D:1      | Ijustatesigmund set off with the following items: a +0 hand
                  | crossbow, a +2 robe, 22 bolts, a potion of curing, a +0
                  | dagger
     0 | D:1      | Reached XP level 1. HP: 10/10 MP: 2/2
   144 | D:1      | Reached XP level 2. HP: 14/14 MP: 3/3
   163 | D:1      | Reached skill level 1 in Short Blades
   629 | D:2      | Noticed Natasha
   643 | D:1      | Killed Natasha
   643 | D:1      | Reached skill level 4 in Dodging
   643 | D:1      | Reached XP level 3. HP: 8/18 MP: 4/4
   978 | D:1      | Noticed Natasha
   981 | D:1      | Killed Natasha
   981 | D:1      | Reached XP level 4. HP: 23/23 MP: 5/5
  1085 | D:1      | Noticed Natasha
  1090 | D:1      | Killed Natasha
  1830 | D:2      | Found a glowing silver altar of Zin.
  1984 | D:2      | Reached XP level 5. HP: 25/27 MP: 6/6
  1994 | D:2      | Reached skill level 5 in Dodging
  2370 | D:2      | Found a bloodstained altar of Trog.
  3054 | D:3      | Reached XP level 6. HP: 15/32 MP: 7/7
  3482 | D:3      | Found a hide-covered altar of Uskayaw.
  3482 | D:3      | Noticed a +0 dagger
  3482 | D:3      | Noticed a +0 hand axe
  4328 | D:5      | Entered Level 5 of the Dungeon
  4409 | D:5      | Found an ornate altar of the Wu Jian Council.
  4441 | D:5      | Reached skill level 6 in Dodging
  4441 | D:5      | Reached skill level 5 in Stealth
  4554 | D:5      | Found a staircase to the Ecumenical Temple.
  4625 | D:5      | Reached XP level 7. HP: 23/36 MP: 8/8
  4655 | Temple   | Entered the Ecumenical Temple
  4866 | Temple   | Became a worshipper of Warmaster Okawaru
  5126 | D:5      | Noticed Prince Ribbit
  5134 | D:5      | Killed Prince Ribbit
  5134 | D:5      | Reached skill level 5 in Short Blades
  5134 | D:5      | Reached skill level 1 in Invocations
  5345 | D:5      | Noticed Ijyb
  5383 | D:5      | Killed Ijyb
  6534 | D:5      | Found a hazy altar of Hepliaklqana.
  6537 | D:5      | Found a glowing golden altar of the Shining One.
  6538 | D:5      | Found a burning altar of Makhleb.
  6538 | D:5      | Found a blossoming altar of Fedhas.
  6539 | D:5      | Found a sparkling altar of Nemelex Xobeh.
  6808 | D:6      | Killed from afar by an orc priest

Illustrated notes

Levels and vault maps discovered:
D:1:      psy_arrival_spokes, layout_basic
D:2:      layout_rooms, zin_academy, lightli_temple_of_fire, serial_forest,
          infiniplex_forest_lined_room_3, infiniplex_forest_lined_3,
          infiniplex_forest_straight_4, infiniplex_forest_clump_curved,
          infiniplex_forest_clump_diagonal, infiniplex_forest_clump_medium,
          minmay_circle_x, uniq_natasha
D:3:      layout_loops_cross, dancing_weapons_uskayaw
D:4:      layout_rooms, minmay_liquid_box, chequers_avenue,
          minmay_misc_feat_cross
D:5:      corexii_shantytown, layout_basic, minitemple,
          minmay_temple_entry_drinking_statues, uniq_ijyb, uniq_prince_ribbit1
D:6:      minmay_skewed_foursquare, layout_basic
D:7:      layout_rooms, grunt_livestock, columned_hall_lemuel,
          nicolae_dithmenos_through_a_glass_darkly
Temple:   nicolae_temple_god_jail

Skill      XL: |  1  2  3  4  5  6  7 |
---------------+----------------------+-----
Short Blades   | 1 2 3 4 5 |  5.9
Dodging        | 4 5 6 |  6.3
Fighting       | 2 3 |  3.6
Stealth        | 4 5 |  5.3
Invocations    | 2 |  2.4
Crossbows      | |  2.0
Summonings     | |  1.5
Earth Magic    | |  1.0

Action                   |  1- 3 |  4- 6 |  7- 9 || total
-------------------------+-------+-------+-------++-------
Melee: Dagger            |       |   116 |       ||   116
       Rapier            |       |    91 |       ||    91
       Short sword       |       |    52 |   260 ||   312
 Fire: Hand crossbow     |    40 |    37 |     8 ||    85
  Use: Scroll            |       |    16 |     4 ||    20
       Potion            |       |     1 |     2 ||     3
 Stab: Sleeping          |       |    13 |    11 ||    24
       Distracted        |       |     1 |       ||     1
Armor: Robe              |     2 |    32 |    22 ||    56
Dodge: Dodged            |    13 |   285 |   184 ||   482

Table legend: (Time is in decaauts)
 A = Elapsed time spent in this place.
 B = Non-inter-level travel time spent in this place.
 C = Inter-level travel time spent in this place.
 D = Time resting spent in this place.
 E = Time spent auto-exploring this place.
 F = Levels seen in this place.
 G = Mean time per level.
                   A        B        C        D        E       F      G
               +--------+--------+--------+--------+--------+-----+--------+
         Total |   5469 |   5378 |     91 |   2101 |   2144 |   8 |  683.6 |
       Dungeon |   5074 |   4989 |     85 |   1784 |   2105 |   7 |  724.9 |
        Temple |    394 |    389 |      5 |    317 |     39 |   1 |  394.0 |
               +--------+--------+--------+--------+--------+-----+--------+

Top non-repeatable levels by time:
     D:5: 1466 daAuts
     D:1: 1410 daAuts
     D:2: 809 daAuts
     D:3: 689 daAuts
     D:4: 520 daAuts
  Temple: 394 daAuts
     D:6: 147 daAuts
     D:7: 29 daAuts
